 Dungeon Crawl Stone Soup version 0.29.1-4-g47bece8355 (webtiles) character file.

Game seed: 4886400592871026763

522 xSliceyx the Protected (level 7, -10/52 HPs)
             Began as a Formicid Abyssal Knight on Dec 8, 2022.
             Was a Priest of Lugonu.
             Killed by divine providence
             ... invoked by an orc priest
              (13 damage)
             ... on level 5 of the Dungeon.
             The game lasted 00:18:49 (6526 turns).

xSliceyx the Protected (Formicid Abyssal Knight)    Turns: 6526, Time: 00:18:49

Health: -10/52     AC: 12    Str: 19    XL:     7   Next: 46%
Magic:  8/8        EV:  6    Int: 10    God:    Lugonu [***...]
Gold:   181        SH:  8    Dex: 14    Spells: 6/6 levels left

rFire   . . .      SeeInvis +   a - +1 spear
rCold   . . .      Faith    .   z - +0 kite shield
rNeg    + . .      Spirit   .   d - +0 chain mail
rPois   .          Reflect  .   (helmet unavailable)
rElec   .          Harm     .   B - +0 cloak
rCorr   .          Rampage  .   (no gloves)
Will    .....                   (no boots)
Stlth   ..........              n - amulet of the acrobat
HPRegen 0.17/turn               v - ring of positive energy
MPRegen 0.11/turn               w - ring of wizardry

@: no status effects
A: permanent stasis, dig shafts and tunnels, antennae 3, four strong arms
a: Dig, Shaft Self, Renounce Religion, Depart the Abyss, Bend Space, Banish


You were on level 5 of the Dungeon.
You worshipped Lugonu.
Lugonu was most pleased with you.
You visited 1 branch of the dungeon, and saw 5 of its levels.
You visited the Abyss 1 time.

You collected 205 gold pieces.
You spent 24 gold pieces at shops.

Inventory:

Hand Weapons
 a - a +1 spear (weapon)
 q - a +0 hand axe of flaming
Armour
 d - a +0 chain mail (worn)
 z - a +0 kite shield (worn)
 B - a +0 cloak (worn)
Jewellery
 n - an amulet of the acrobat (around neck)
 v - a ring of positive energy (left hand)
 w - a ring of wizardry (right hand)
Wands
 u - a wand of flame (15)
Scrolls
 b - a scroll of immolation {unknown}
 c - a scroll of amnesia {unknown}
 e - a scroll of brand weapon {unknown}
 f - a scroll of enchant weapon {unknown}
 g - 2 scrolls of magic mapping
 j - a scroll of vulnerability {unknown}
 k - 3 scrolls of silence
 l - a scroll of blinking {unknown}
 m - a scroll of fear {unknown}
 o - a scroll of enchant armour {unknown}
 p - a scroll of teleportation {unknown}
 y - a scroll of poison
Potions
 h - a potion of magic {unknown}
 i - a potion of might {unknown}
 r - a potion of haste
 s - a potion of berserk rage {unknown}
 x - a potion of brilliance {unknown}


   Skills:
 - Level 3.2 Fighting
 - Level 2.0 Polearms
 - Level 8.0 Armour
 - Level 0.8 Dodging
 + Level 3.0 Shields
 - Level 2.1 Invocations


You had 6 spell levels left.
You didn't know any spells.
Your spell library contained the following spells:

 Spells                   Type           Power      Damage    Failure   Level
 Gell's Gravitas          Tloc           0%         N/A       100%        3
 Teleport Other           Tloc           0%         N/A       100%        3
 Dispersal                Tloc           0%         N/A       100%        6


Dungeon Overview and Level Annotations

Branches:
Dungeon (5/15)
 Temple: D:4-7

Altars:
Hepliaklqana
Uskayaw

Shops:
D:2 :[*((   D:5 *

Annotations:
D:3 1 runed translucent door, Crazy Yiuf


Innate Abilities, Weirdness & Mutations

You cannot be hasted, slowed, berserked, paralysed or teleported.
You can dig through walls and to a lower floor.
You have a pair of large antennae on your head. (SInv)
Your four strong arms can wield two-handed weapons with a shield.


Message History

The steam dragon is moderately wounded.
The steam dragon breathes steam at you. The ball of steam hits you!
Space bends violently around you!
You blink.
The steam dragon breathes steam at you. The ball of steam misses you.
There is a stone staircase leading down here.
You climb downwards.
There is a stone staircase leading up here.
Things that are here:
a +0 flail; a +0 club You start resting.
An orc wizard comes into view. It is wielding a +0 dagger.
The orc wizard shouts!
An orc comes into view. It is wielding a +0 hand axe.
The orc wizard drinks a potion.
The orc wizard suddenly seems more resistant.
The orc shouts!
You hear a shout!
You hear a bark!
An orc comes into view. It is wielding a +0 dagger.
The orc wizard casts a spell at you. The magic dart hits you.
Reach: a) +1 spear
Press: ? - help, Dir - move target, f - you
Okay, then.
An orc priest comes into view. It is wielding a +0 club.
You completely miss the orc wizard.
The orc priest invokes the aid of Beogh against you.
Beogh smites you!
* * * LOW HITPOINT WARNING * * *
The orc wizard hits you but does no damage.
You closely miss the orc wizard.
The orc priest roars noisily.
The orc priest calls down the wrath of Beogh upon you.
Beogh smites you!
* * * LOW HITPOINT WARNING * * *
The orc wizard hits you but does no damage.
You closely miss the orc wizard. You block the orc's attack.
The orc priest invokes the aid of Beogh against you.
Beogh smites you!
You die...

.....#
#(#.........#
......
#.....#..##
.........##.#
##.......##)#
...#....###.#
..#.####.#
#.# #.#.
#.###.#
#...#.#
###.@.#
##oo.# ##...#
#o#...
#.###.# ...
... ... ..
..o


You could see an orc priest, an orc wizard (resistant) and 2 orcs.

Vanquished Creatures
  A sky beast (D:4)
  A scorpion (D:5)
  A killer bee (D:5)
  Jessica (D:2)
  Natasha (thrice) (D:3)
  An orc wizard (D:3)
  Robin (D:3)
  3 gnolls (D:5)
  2 adders
  An ufetubus (D:4)
  6 worms
  3 dart slugs (D:1)
  6 orcs
  3 ball pythons
  9 endoplasms
  8 giant cockroaches
  10 goblins
  14 hobgoblins
  7 jackals
  6 kobolds
  5 quokkas
  5 bats
  8 frilled lizards
  4 rats
109 creatures vanquished.

Notes
Turn   | Place    | Note
-------+----------+-------------------------------------------
     0 | Abyss:1  | xSliceyx the Formicid Abyssal Knight began the quest for
                  | the Orb.
     0 | Abyss:1  | Reached XP level 1. HP: 18/18 MP: 2/2
    96 | Abyss:1  | Noticed a smoke demon
    97 | D:1      | Escaped the Abyss
   161 | D:1      | Reached ** piety under Lugonu
   221 | D:1      | Reached XP level 2. HP: 24/24 MP: 3/3
   233 | D:1      | Reached skill level 3 in Armour
   400 | D:1      | Reached XP level 3. HP: 28/29 MP: 4/4
   928 | D:1      | Reached skill level 4 in Armour
  1100 | D:1      | Found a faded altar of an unknown god.
  1169 | D:2      | Found Juoczo's Weapon Shop.
  1374 | D:2      | Reached XP level 4. HP: 35/35 MP: 5/5
  1411 | D:2      | Found Keckogec's Assorted Antiques.
  1525 | D:2      | Found Tiptece's Antique Armour Boutique.
  1588 | D:2      | Found Ahuujer's Book Boutique.
  1599 | D:2      | Noticed Jessica
  1613 | D:2      | Killed Jessica
  1614 | D:2      | Reached skill level 5 in Armour
  1976 | D:2      | Reached XP level 5. HP: 41/41 MP: 6/6
  1980 | D:2      | Found Ehotz's Weapon Shoppe.
  2393 | D:3      | Reached *** piety under Lugonu
  2479 | D:3      | Found a hazy altar of Hepliaklqana.
  2698 | D:3      | Found a hide-covered altar of Uskayaw.
  2803 | D:3      | Noticed Robin
  2821 | D:3      | Killed Robin
  3179 | D:3      | Noticed Natasha
  3191 | D:3      | Killed Natasha
  3192 | D:3      | Reached skill level 6 in Armour
  3573 | D:3      | Noticed Natasha
  3583 | D:3      | Killed Natasha
  3584 | D:3      | Reached XP level 6. HP: 27/47 MP: 7/7
  3731 | D:3      | Found a runed translucent door.
  3732 | D:3      | Noticed Crazy Yiuf
  3817 | D:3      | Noticed Natasha
  3831 | D:3      | Killed Natasha
  4418 | D:4      | Noticed a sky beast
  4460 | D:4      | Noticed a steam dragon
  4487 | D:3      | Reached skill level 7 in Armour
  4622 | D:4      | Killed a sky beast
  4623 | D:4      | Reached XP level 7. HP: 14/52 MP: 8/8
  5139 | D:5      | Entered Level 5 of the Dungeon
  5267 | D:5      | Reached skill level 8 in Armour
  5275 | D:5      | HP: 2/52 [poisoned by a killer bee]
  5956 | D:5      | Found Bom Zewommip's General Store.
  5959 | D:5      | Bought a scroll of identify for 24 gold pieces
  6526 | D:5      | Killed from afar by an orc priest

Illustrated notes

Levels and vault maps discovered:
D:1:      erik_arrival_cave_to_civilisation [erik_arrival_cave_to_hall],
          layout_basic, dilly_ecumenical_altar_fadedgnrine,
          wander_ebering_terrifying_dragon_lair
D:2:      layout_loops_cross, serial_shops, nicolae_shop_waterfront, shop, shop,
          nicolae_shop_bloodbath_and_beyond, shop_statue, grunt_ministairs_12,
          kennysheep_generic_room_3, uniq_jessica
D:3:      layout_loops_corners, mainiacjoe_overflow_concentric_impassable,
          mainiacjoe_overflow_surrounded_room, uniq_crazy_yiuf_cottage,
          uniq_natasha, uniq_robin
D:4:      layout_cave_pools, minmay_misc_feat_tiny
D:5:      layout_rooms, general_overflow_altar, minmay_misc_feat_plants,
          nicolae_stop_n_shop_1, st_stairs_7, uniq_grinder, uniq_pikel

Skill      XL: |  1  2  3  4  5  6  7 |
---------------+----------------------+-----
Armour         | 3 4 5 6 7 8 |  8.0
Shields        | 3 |  3.0
Fighting       | |  3.2
Polearms       | |  2.0
Dodging        | |  0.8
Invocations    | |  2.1

Action                   |  1- 3 |  4- 6 |  7- 9 || total
-------------------------+-------+-------+-------++-------
Melee: Spear             |   117 |   274 |   112 ||   503
       Punch             |       |     2 |       ||     2
Invok: Depart the Abyss  |     1 |       |       ||     1
       Bend Space        |       |     1 |     2 ||     3
  Use: Potion            |       |     1 |     2 ||     3
       Scroll            |       |       |     5 ||     5
 Stab: Sleeping          |     3 |     4 |       ||     7
       Distracted        |     1 |       |       ||     1
Armor: Leather armour    |    24 |    63 |     9 ||    96
       Chain mail        |       |       |    31 ||    31
Dodge: Dodged            |    56 |   101 |    60 ||   217
Block: Kite shield       |       |       |     5 ||     5
